 Dungeon Crawl Stone Soup version 0.18.1-5-g4a78601 (webtiles) character file.

110 Etesian the Sneak (level 4, -5/22 HPs)
             Began as a Spriggan Assassin on May 10, 2016.
             Slain by a phantom (8 damage)
             ... on level 4 of the Dungeon.
             The game lasted 00:04:53 (2302 turns).

Etesian the Sneak (Spriggan Assassin)               Turns: 2302, Time: 00:04:54

Health: -5/22      AC:  3    Str:  7    XL:     4   Next: 61%
Magic:  5/5        EV: 18    Int: 12    God:
Gold:   101        SH:  0    Dex: 18    Spells: 0 memorised, 3 levels left

rFire  . . .     SeeInvis +     a - +2 dagger
rCold  . . .     Gourm    .     c - +0 robe
rNeg   . . .     Faith    .     (shield restricted)
rPois  +         Spirit   .     (helmet restricted)
rElec  .         Dismiss  .     d - +0 cloak
rCorr  .         Reflect  .     (gloves unavailable)
SustAt .         Harm     .     (boots unavailable)
MR     .....                    (no amulet)
Stlth  ++++......               (no ring)
                                j - ring of poison resistance

@: drained, very quick, not resistant to hostile enchantments, stealthy
A: unfitting armour, see invisible, herbivore 3, speed 3, slow metabolism 2
a: no special abilities


You were on level 4 of the Dungeon.
You were not hungry.

You visited 1 branch of the dungeon, and saw 4 of its levels.

You collected 101 gold pieces.

Inventory:

Hand Weapons
 a - a +2 dagger (weapon)
 b - a +0 blowgun
Missiles
 e - 34 poisoned needles
 f - 2 curare-tipped needles
 l - 3 needles of sleeping
Armour
 c - a +0 robe (worn)
 d - a +0 cloak (worn)
Jewellery
 j - a ring of poison resistance (left hand)
Wands
 k - a wand of digging (11/24)
Scrolls
 h - 2 scrolls of remove curse
 i - a scroll of identify
Potions
 n - a potion of magic
Comestibles
 g - a bread ration


   Skills:
 - Level 1.5(1.2) Fighting
 * Level 3.8(3.5) Short Blades
 - Level 2.0(1.6) Throwing
 + Level 3.1(2.7) Dodging
 * Level 7.3(6.9) Stealth


You had 3 spell levels left.
You didn't know any spells.

Dungeon Overview and Level Annotations

Branches:
Dungeon (4/15)
 Temple: D:4-7

Altars:
Cheibriados


Innate Abilities, Weirdness & Mutations

You are tiny and cannot use many weapons and most armour.
You have supernaturally acute eyesight.
You are a herbivore.
You cover ground extremely quickly.
You need consume almost no food.


Message History

You are too injured to fight recklessly!
You are too injured to fight recklessly!
You are too injured to fight recklessly!
You are too injured to fight recklessly!
You are too injured to fight recklessly!
You are too injured to fight recklessly!
You are too injured to fight recklessly!
You are too injured to fight recklessly!
You are too injured to fight recklessly!
You are too injured to fight recklessly!
You hit the phantom but do no damage.
The phantom is moderately damaged.
The phantom misses you.
You hit the phantom.
The phantom is moderately damaged.
The phantom closely misses you.
You hit the phantom.
The phantom is moderately damaged.
The phantom hits you!
You die... #.########### #...@W.....<# #############

You could see a phantom.

Vanquished Creatures
  Ijyb (D:3)
  3 adders
  A worm (D:2)
  A dart slug (D:3)
  A giant gecko (D:2)
  4 orcs (D:3)
  A bat (D:1)
  3 giant cockroaches (D:3)
  4 goblins
  6 hobgoblins
  6 jackals
  6 kobolds
  A quokka (D:2)
  A giant newt (D:1)
  5 rats
44 creatures vanquished.

Notes
Turn   | Place    | Note
--------------------------------------------------------------
     0 | D:1      | Etesian the Spriggan Assassin began the quest for the Orb.
     0 | D:1      | Reached XP level 1. HP: 10/10 MP: 2/2
    21 | D:1      | Reached skill level 6 in Stealth
   334 | D:1      | Reached XP level 2. HP: 14/14 MP: 3/3
  1039 | D:2      | Reached XP level 3. HP: 18/18 MP: 4/4
  1415 | D:3      | Noticed Ijyb
  1418 | D:3      | Killed Ijyb
  1480 | D:3      | Reached XP level 4. HP: 22/22 MP: 5/5
  1610 | D:3      | Reached skill level 7 in Stealth
  1917 | D:3      | Found a snail-covered altar of Cheibriados.
  2279 | D:4      | Noticed a phantom
  2302 | D:4      | Slain by a phantom

Skill      XL: |  1  2  3  4 |
---------------+-------------+-----
Stealth        | 6 7 |  7.3
Dodging        | 2 3 |  3.1
Short Blades   | 3 |  3.8
Fighting       | |  1.5
Throwing       | |  2.0

Action                   |  1- 3 |  4- 6 || total
-------------------------+-------+-------++-------
Melee: Dagger            |    87 |   110 ||   197
  Use: Scroll            |     7 |     2 ||     9
       Potion            |       |     1 ||     1
 Stab: Sleeping          |    11 |     5 ||    16
       Distracted        |     1 |       ||     1
Armor: Robe              |     7 |    11 ||    18
Dodge: Dodged            |    49 |    71 ||   120
